Map: 데이터-C

Players

soO

  • Race: Zerg Zerg
  • Spawn Location: 3:00

trigger - Winner!

  • Race: Protoss Protoss
  • Spawn Location: 9:00

Event: DreamHack SC2 Masters 2022 Atlanta (Offline)

VOD

Have the link to the VOD?

Description

Time

  • Played on: Nov. 18, 2022, 11:01 a.m.
  • Length: 7:22

All games in this series

Show
View Real Time Build Order
Export as new Build Order

soO Zerg 

Build Orders: Hatch First 

Get SALT Encoding   

  12  0:00  Drone  
  13  0:11  Overlord  
  13  0:16  Drone  
  14  0:30  Drone x2  
  16  0:48  Hatchery  
  15  0:52  Drone  
  15  0:55  Drone  
  17  0:59  Drone  
  18  1:09  Extractor  
  17  1:14  Spawning Pool  
  17  1:17  Drone  
  17  1:21  Drone  
  18  1:27  Drone  
  19  1:38  Drone  
  20  1:48  Drone  
  21  2:01  Zergling x4, Queen  
  21  2:02  Queen  
  27  2:11  Drone, Overlord  
  28  2:24  Hatchery  
  28  2:26  Drone  
  28  2:30  Drone  
  28  2:31  Drone x2  
  31  2:40  Queen  
  33  2:44  Overlord  
  33  2:46  Drone  
  33  2:50  Metabolic Boost  
  34  2:55  Drone  
  34  2:56  Drone  
  36  3:04  Drone x2  
  38  3:08  Queen  
  38  3:10  Overlord  
  38  3:12  Drone  
  41  3:16  Drone  
  41  3:17  Drone  
  41  3:18  Drone  
  44  3:27  Overlord  
  44  3:28  Queen  
  44  3:29  Drone  
  47  3:36  Drone x2  
  47  3:37  Queen  
  47  3:41  Drone  
  52  3:47  Drone x2  
  54  3:50  Drone  
  54  3:51  Drone  
  56  3:56  Overlord  
  56  3:58  Drone  
  56  4:00  Zergling x10  
  62  4:06  Roach Warren  
  61  4:12  Zergling x6  
  61  4:15  Spore Crawler  
  63  4:17  Spore Crawler  
  63  4:18  Spore Crawler  
  63  4:23  Zergling x6  
  63  4:24  Zergling x2  
  65  4:33  Overlord  
  65  4:35  Overlord  
  65  4:45  Overlord  
  65  4:50  Roach x4  
  73  4:53  Drone x7  
  80  5:00  Drone  
  80  5:01  Drone, Extractor  
  80  5:04  Drone x2  
  80  5:05  Drone  
  84  5:08  Drone  
  84  5:13  Ravager  
  85  5:17  Zergling x6, Roach  
  90  5:21  Overlord  
  90  5:26  Zergling x2  
  87  5:30  Queen x2  
  87  5:31  Zergling x2, Roach  
  87  5:32  Zergling x4, Roach  
  96  5:36  Ravager, Overlord  
  96  5:39  Queen  
  99  5:44  Zergling x4, Roach  
  99  5:47  Overlord  
  102  5:51  Roach x2  
  102  5:56  Roach  
  96  5:58  Zergling x2  
  96  5:59  Zergling x6, Roach  
  97  6:07  Zergling x10, Roach  
  101  6:12  Zergling x2, Roach  
  103  6:20  Roach  
  103  6:23  Roach x2  
  99  6:29  Queen x2  
  103  6:38  Roach x3  
  105  6:43  Roach  
  104  6:47  Zergling x2, Roach  
  104  6:52  Zergling x10, Roach  
  99  6:55  Roach  
  99  6:58  Roach  
Show
View Real Time Build Order
Export as new Build Order

trigger Protoss - Winner!

Build Orders: 1 Gate Expand, Colossus Rush 

Get SALT Encoding   

  12  0:00  Probe  
  13  0:12  Probe  
  14  0:19  Pylon  
  14  0:24  Probe  
  15  0:37  Probe (Chrono Boost)  
  15  0:39  Gateway  
  16  0:46  Probe (Chrono Boost)  
  16  0:47  Assimilator  
  17  0:52  Probe  
  18  1:04  Probe  
  19  1:16  Probe  
  20  1:23  Nexus  
  20  1:32  Cybernetics Core  
  20  1:37  Assimilator  
  20  1:40  Probe  
  20  1:46  Pylon  
  21  1:52  Probe (Chrono Boost)  
  22  2:04  Probe (Chrono Boost)  
  23  2:08  Warp Gate, Stalker  
  23  2:13  Probe (Chrono Boost)  
  26  2:18  Probe (Chrono Boost)  
  26  2:20  Robotics Facility  
  28  2:31  Probe (Chrono Boost)  
  28  2:37  Probe (Chrono Boost)  
  29  2:39  Probe (Chrono Boost)  
  29  2:42  Adept  
  29  2:44  Probe (Chrono Boost)  
  33  2:47  Probe (Chrono Boost)  
  33  2:49  Probe  
  35  2:57  Probe  
  36  2:58  Gateway  
  36  3:01  Probe  
  37  3:06  Robotics Bay  
  37  3:08  Observer  
  37  3:11  Probe (Chrono Boost)  
  39  3:13  Probe (Chrono Boost)  
  39  3:16  Pylon  
  39  3:19  Assimilator  
  40  3:24  Probe (Chrono Boost)  
  40  3:26  Probe (Chrono Boost)  
  42  3:28  Warp Prism (Chrono Boost)  
  42  3:30  Probe (Chrono Boost)  
  42  3:33  Probe  
  47  3:41  Probe  
  47  3:45  Probe  
  48  3:55  Disruptor (Chrono Boost)  
  48  3:56  Sentry  
  48  4:00  Gateway x2  
  53  4:06  Pylon  
  53  4:10  Gateway  
  53  4:13  Gateway  
  53  4:22  Pylon  
  53  4:26  Colossus (Chrono Boost)  
  53  4:27  Sentry  
  61  4:34  Gateway  
  61  4:38  Pylon  
  61  4:39  Pylon  
  61  4:40  Sentry  
  63  4:54  Sentry  
  63  4:55  Zealot x2  
  69  5:04  Zealot  
  69  5:06  Pylon  
  69  5:07  Stalker x2, Pylon  
  75  5:30  Stalker x4  
  75  5:31  Zealot x2  
  87  5:35  Pylon  
  87  5:36  Stalker  
  85  6:03  Zealot x3, Stalker x4  
  89  6:23  Stalker x3  
  89  6:24  Stalker  
  93  6:28  Zealot x3  
  97  6:45  Stalker x2  
  99  6:52  Zealot x4  
  99  6:53  Zealot  
  95  7:13  Stalker x4  
  95  7:14  Zealot x2  
Tags
 
Add a new tag
Caveats
  • Supply blocks, unpowered buildings, or Contaminate may cause inaccurate times.
  • Supply counts are checked every 10 seconds.